Unix NetHack Version 5.0.0-0 post-release - last build May 10 2026 23:12:36 (d1fa5d53e341ca933230fdaa984d921c805b60aa,branch:main).

Game began 2026-05-15 01:29:36, ended 2026-05-15 01:50:22.

ArrBianca, lawful female dwarven Archeologist

                                      ..
                                     ..



                 -----       --..
                 |...--     --...
              ----....-------)..---..
              |.|......|...|.....)...
             --.|....---....)......--
             |..|.............---.--
         -----..|....|.....---- |.|
       ---.|%...|..----...--    |.|
    --|.........|---  |..--     -|-
   --.|-.....----     |..|     .....
  --..|....|.---------|..|    ..._..|
  |.....---|........@--*.|##  |.....|
  |<..---  ------....C....    -------
  -----         ---------
ArrBianca the Field Worker  St:10 Dx:9 Co:17 In:15 Wi:16 Ch:9  Lawful
Dlvl:7  $:83 HP:0(55) Pw:12(12) AC:9  Xp:5 T:2965  Burdened

Latest messages:
 You feel more confident in your weapon skills.
 You lash the plains centaur.
 The plains centaur throws a dagger!
 You are hit by a dagger!
 You are now more skilled in whip.
 In what direction? l
 The dart hits the plains centaur.
 The plains centaur throws a dagger!
 You are hit by a dagger.
 You hear some noises in the distance.
 You hear the chime of a cash register.
 In what direction? u
 The plains centaur throws a dart!
 You are hit by a dart.
 You hear the splashing of a naiad.
 The plains centaur throws a dagger!
 You are hit by a dagger.
 Pick a monster, object or location.
 @        a human or elf (peaceful watch captain) [seen: infravision]
 In what direction? l
 The dart misses the plains centaur.
 The plains centaur throws a dagger!
 The dagger slips as the plains centaur throws it!
 In what direction? l
 The dart hits the plains centaur.
 The plains centaur thrusts his dwarvish short sword.
 The plains centaur hits!
 The plains centaur kicks!
 The plains centaur thrusts his dwarvish short sword.
 The plains centaur hits!
 The plains centaur kicks!
 The plains centaur thrusts his dwarvish short sword.
 The plains centaur hits!
 The plains centaur kicks!
 Pick a monster, object or location.
 C        a centaur (plains centaur) [seen: normal vision, infravision]
 The plains centaur picks up a bow.
 The plains centaur picks up 7 arrows.
 The plains centaur wields a bow!
 The plains centaur wields a dwarvish short sword!
 The plains centaur wields a bow!
 The plains centaur shoots an arrow!
 You are hit by an arrow.
 The plains centaur picks up an arrow.
 The plains centaur thrusts his dwarvish short sword.
 The plains centaur hits!
 You die...
 Do you want an account of creatures vanquished? [ynaq] (y) n
 Do you want to see your conduct and achievements? [ynq] (n) n
 Do you want to see the dungeon overview? [ynq] (y) n

Inventory:
 Coins    ('$')
  $ - 83 gold pieces
 Weapons  (')')
  q - 12 +0 darts (at the ready)
  a - a blessed +3 bullwhip (weapon in right hand)
 Armor    ('[')
  c - an uncursed +0 fedora (being worn)
  r - an uncursed +0 Hawaiian shirt with a parrot motif
  b - an uncursed +0 leather jacket (being worn)
 Comestibles  ('%')
  d - 4 uncursed food rations
  I - an uncursed tripe ration
 Scrolls  ('?')
  C - an uncursed scroll of blank paper
  s - a cursed scroll of magic mapping
 Spellbooks  ('+')
  P - an uncursed spellbook of detect unseen
  A - an uncursed spellbook of light
 Potions  ('!')
  t - an uncursed potion of blindness
  M - an uncursed potion of fruit juice
  u - a cursed potion of gain ability
  p - 5 uncursed potions of healing
  B - a blessed potion of levitation
  m - an uncursed potion of paralysis
  j - 2 uncursed potions of restore ability
  D - a blessed potion of sickness
 Wands    ('/')
  x - a wand of light (0:14)
  L - a wand of teleportation (0:4)
 Tools    ('(')
  h - an uncursed sack containing 5 items
  i - an uncursed oil lamp (lit)
  e - a +0 pick-axe (alternate weapon; not wielded)
  o - an uncursed skeleton key
  f - a tinning kit (0:51)
  N - a tinning kit (0:47)
 Gems/Stones  ('*')
  G - 2 uncursed amethyst stones
  H - 2 uncursed rubies
  g - an uncursed touchstone

Contents of the sack:
  an uncursed carrot
  2 uncursed tripe rations
  an uncursed tin of coyote meat
  2 uncursed tins of jackal meat
  2 uncursed lichen corpses

ArrBianca the Archeologist's attributes:

Background:
 You were a Field Worker, a level 5 female dwarven Archeologist.
 You were lawful, on a mission for Quetzalcoatl
 who was opposed by Camaxtli (neutral) and Huhetotl (chaotic).
 You were right-handed.
 You were in the Gnomish Mines, on level 7.
 You entered the dungeon 2965 turns ago.
 It was nighttime.
 You had 186 experience points, 134 more were needed to attain level 6.

Basics:
 You had 0 out of 55 hit points.
 You had all 12 energy points (spell power).
 Your armor class was 9.
 Your wallet contained 83 zorkmids.
 Autopickup was on for '$?!/="+%' plus thrown, with exceptions.

Final Characteristics:
 Your strength was 10 (limit:18/100).
 Your dexterity was 9 (limit:20).
 Your constitution was 17 (limit:20).
 Your intelligence was 15 (limit:16).
 Your wisdom was 16 (limit:16).
 Your charisma was 9 (limit:16).

Final Status:
 You weren't hungry.
 You were burdened; movement was slightly slowed.
 You were wielding a whip.
 You were skilled in whip.

Final Attributes:
 You were piously aligned.
 You had automatic searching.
 You had infravision.
 You would have confused monsters when hitting them.
 You were stealthy.
 You were lucky.
 You are dead.

Miscellaneous:
 You encountered 1 bones level.
 Total elapsed playing time was 19 minutes and 32 seconds.

Major events:
 Turn
    1: ArrBianca the lawful female dwarven Archeologist entered the dungeon
  794: attained the rank of Field Worker (level 3)
 1982: entered the Gnomish Mines
 2675: reached Mine Town
 2965: killed by a plains centaur

You didn't know any spells.

Skills:
 Fighting Skills
   bare handed combat [Unskilled]
   two weapon combat  [Unskilled]
   riding             [Unskilled]
 Weapon Skills
   dagger             [Unskilled]
   knife              [Unskilled]
   pick-axe           [Basic]
   short sword        [Unskilled]
   saber              [Unskilled]
   club               [Unskilled]
   quarterstaff       [Unskilled]
   sling              [Unskilled]
   dart               [Unskilled]
   boomerang          [Unskilled]
   whip               [Skilled]
   unicorn horn       [Unskilled]
 Spellcasting Skills
   attack spells      [Unskilled]
   healing spells     [Unskilled]
   divination spells  [Unskilled]
   matter spells      [Unskilled]

Voluntary challenges:
 Character rerolling was not enabled.
 You never had a pet.
 You never genocided any monsters.
 You never polymorphed an object.
 You used no wishes.
Achievements:
 You attained the rank of Field Worker.
 You entered the Gnomish Mines.
 You entered Minetown.
 You entered a temple.

 The Dungeons of Doom: levels 1 to 5
    Level 1:
    Level 2:
       Some fountains.
    Level 3:
       A fountain, a sink.
    Level 4:
       Stairs down to The Gnomish Mines.
    Level 5:
 The Gnomish Mines: levels 5 to 7
    Level 5:
    Level 6:
    Level 7: <- You were here.
       A temple and an altar.
       Final resting place for
          you, killed by a plains centaur,
          michelmartinet-Wiz-Hum-Mal-Neu, killed by a white unicorn.


Vanquished creatures:
  a rock mole
  2 giant ants
  a floating eye
  a kobold shaman
  a rothe
  a giant bat
  a wererat
 an iguana
  3 coyotes
  a gas spore
  2 cave spiders
  3 geckos
  6 jackals
  a fox
  a kobold
  2 goblins
  a sewer rat
  3 grid bugs
  a bat
  6 lichens
  a kobold zombie
  4 newts
44 creatures vanquished.

No species were genocided or became extinct.

Game over:
                       ----------
                      /          \
                     /    REST    \
                    /      IN      \
                   /     PEACE      \
                  /                  \
                  |    ArrBianca     |
                  |      83 Au       |
                  |   killed by a    |
                  |  plains centaur  |
                  |                  |
                  |                  |
                  |       2026       |
                 *|     *  *  *      | *
        _________)/\\_//(\/(/\)/\//\/|_)_______

Goodbye ArrBianca the Archeologist...

You died in The Gnomish Mines on dungeon level 7 with 1119 points,
and 83 pieces of gold, after 2965 moves.
You were level 5 with a maximum of 55 hit points when you died.

